 Dungeon Crawl Stone Soup version 0.29.1-15-g9cfb28693d (webtiles) character file.

Game seed: 17087735524719102699

877 tizbic2 the Conjurer (level 7, -2/66 HPs)
             Began as a Troll Conjurer on Apr 18, 2023.
             Was an Initiate of Vehumet.
             Shot with an arrow by a centaur (11 damage)
             ... on level 6 of the Dungeon.
             The game lasted 00:21:54 (4436 turns).

tizbic2 the Conjurer (Troll Conjurer)               Turns: 4436, Time: 00:21:55

Health: -2/66      AC:  6    Str: 16    XL:     7   Next: 75%
Magic:  10/20      EV:  9    Int: 16    God:    Vehumet [......]
Gold:   329        SH:  0    Dex:  8    Spells: 9/12 levels left

rFire   . . .      SeeInvis +   f - staff of conjuration
rCold   . . .      Faith    .   (no shield)
rNeg    . . .      Spirit   .   a - +0 robe
rPois   .          Reflect  .   (helmet restricted)
rElec   .          Harm     .   y - +1 cloak
rCorr   .          Rampage  .   (gloves unavailable)
Will    .....                   (boots unavailable)
Stlth   +.........              (no amulet)
HPRegen 1.01/turn               n - ring of see invisible
MPRegen 0.17/turn               q - ring of magical power

@: lethally poisoned (-2 -> -24)
A: large, unfitting armour, claws 3, regeneration 1, shaggy fur 1, tough skin 1
a: Renounce Religion


You were on level 6 of the Dungeon.
You worshipped Vehumet.
Vehumet was noncommittal.
You visited 2 branches of the dungeon, and saw 7 of its levels.

You collected 329 gold pieces.

Inventory:

Hand Weapons
 C - a +3 quarterstaff of chaos
Missiles
 d - 2 javelins
 e - 12 poisoned darts
 w - 3 curare-tipped darts
Armour
 a - a +0 robe (worn)
 y - a +1 cloak (worn)
Magical Staves
 f - a staff of conjuration (weapon)
Jewellery
 n - a ring of see invisible (left claw)
 q - a ring of magical power (right claw)
 s - a ring of protection from fire
Wands
 i - a wand of paralysis (12)
 B - a wand of flame (21)
Scrolls
 k - a scroll of fear {unknown}
 o - 2 scrolls of poison
 p - 2 scrolls of blinking
 r - a scroll of amnesia {unknown}
 t - a scroll of silence
 v - a scroll of teleportation {unknown}
 x - a scroll of identify
 A - a scroll of enchant weapon
Potions
 b - a potion of magic
 g - a potion of invisibility
 h - 2 potions of lignification
 j - a potion of cancellation
 l - a potion of haste {unknown}
 u - 2 potions of curing {unknown}
 z - a potion of might {unknown}


   Skills:
 + Level 2.6 Fighting
 + Level 2.4 Staves
 - Level 1.8 Dodging
 - Level 1.0 Stealth
 * Level 3.4 Spellcasting
 * Level 4.9 Conjurations


You had 9 spell levels left.
You knew the following spells:

 Your Spells              Type           Power      Damage    Failure   Level
a - Magic Dart            Conj           100%       1d8       2%          1
b - Searing Ray           Conj           54%        2d6       3%          2

Your spell library contained the following spells:

 Spells                   Type           Power      Damage    Failure   Level
 Dazzling Flash           Conj/Hex       30%        N/A       21%         3
 Fulminant Prism          Conj/Hex       7%         3d7       54%         4
 Iskenderun's Mystic Bla  Conj/Tloc      15%        2d5       54%         4


Dungeon Overview and Level Annotations

Branches:
Dungeon (6/15)             Temple (1/1) D:4

Altars:
Ashenzari
Cheibriados
Dithmenos
Fedhas
Gozag
Makhleb
Nemelex Xobeh
Okawaru
Trog
Vehumet
Yredelemnul

Shops:
D:3 !   D:4 =

Annotations:
D:3 1 runed translucent door, buriedalive's ghost, amateur DEIE
D:5 3 runed translucent doors, Wkid's ghost, weakling SpDe


Innate Abilities, Weirdness & Mutations

You are too large for most types of armour.
You have claws for hands.
Your natural rate of healing is unusually fast.
You are covered in fur. (AC +1)
You have tough skin. (AC +1)


Message History

You are no longer poisoned.
The water moccasin barely misses you.
The centaur hits you but does no damage.
The centaur kicks you but does no damage.
You barely miss the centaur.
The centaur is severely wounded.
The centaur hits you but does no damage.
The centaur barely misses you. The water moccasin bites you.
You are poisoned.
The water moccasin poisons you!
The centaur hits you but does no damage.
The centaur barely misses you.
The water moccasin bites you but does no damage.
You closely miss the centaur.
The centaur is severely wounded.
You feel very sick. The centaur hits you. The centaur barely misses you.
The water moccasin bites you.
* * * LOW HITPOINT WARNING * * *
You are more poisoned.
The water moccasin poisons you! The centaur barely misses you.
The centaur kicks you.
* * * LOW HITPOINT WARNING * * *
The water moccasin bites you.
* * * LOW HITPOINT WARNING * * *
You are more poisoned.
The water moccasin poisons you!
You feel much better.
You feel extremely sick. The centaur hits you.
The centaur kicks you but does no damage.
The water moccasin bites you.
* * * LOW HITPOINT WARNING * * *
You are more poisoned.
The water moccasin poisons you!
* * * LOW HITPOINT WARNING * * *
You feel extremely sick.
The centaur wields a +0 shortbow.
The centaur shoots an arrow.
The arrow hits you!
You die...

..# #.# ###.#
...# ###..##
..... #### ##.##
#..#....#
.....>#..c..#
....$..@#S......
......###..#....
..... .......
.... ..... . ...
.[#### .. ..# #
...


You could see a centaur.

Vanquished Creatures
  Sigmund (D:4)
  Menkaure (D:4)
  A centaur (D:5)
  2 scorpions
  A howler monkey (D:4)
  A jelly (D:5)
  An orc priest (D:4)
  2 hounds (D:4)
  Crazy Yiuf (D:5)
  An iguana (D:4)
  An orc wizard (D:4)
  6 adders
  A worm (D:3)
  A dart slug (D:4)
  7 orcs
  A ball python (D:1)
  10 bats
  8 endoplasms
  2 giant cockroaches
  7 goblins
  6 hobgoblins
  12 jackals
  8 quokkas
  5 frilled lizards
  11 kobolds
  5 rats
103 creatures vanquished.

Notes
Turn   | Place    | Note
-------+----------+-------------------------------------------
     0 | D:1      | tizbic2 the Troll Conjurer began the quest for the Orb.
     0 | D:1      | Reached XP level 1. HP: 16/16 MP: 1/1
    18 | D:1      | Reached skill level 3 in Conjurations
    84 | D:1      | Reached XP level 2. HP: 22/26 MP: 3/3
   212 | D:1      | Learned a level 2 spell: Searing Ray
   486 | D:1      | Reached XP level 3. HP: 32/32 MP: 1/4
   751 | D:2      | Found a faded altar of an unknown god.
  1045 | D:2      | Found a shadowy altar of Dithmenos.
  1059 | D:2      | Reached XP level 4. HP: 24/40 MP: 0/5
  1065 | D:2      | Reached skill level 1 in Fighting
  1672 | D:3      | Found Warus's Distillery.
  1889 | D:3      | Found a runed translucent door.
  1890 | D:3      | Noticed buriedalive's ghost (amateur DEIE)
  2418 | D:4      | Reached skill level 1 in Staves
  2418 | D:4      | Reached XP level 5. HP: 41/48 MP: 7/7
  2488 | D:4      | Reached skill level 4 in Conjurations
  2488 | D:4      | Reached XP level 6. HP: 27/55 MP: 3/8
  2690 | D:4      | Noticed Menkaure
  2691 | D:4      | Noticed Sigmund
  3072 | D:4      | Killed Menkaure
  3143 | D:4      | Paralysed by an orc for 5 turns
  3149 | D:4      | Reached XP level 7. HP: 65/65 MP: 10/10
  3210 | D:4      | Found Esojuan's Jewellery Shoppe.
  3228 | D:4      | Killed Sigmund
  3344 | D:4      | Found a blossoming altar of Fedhas.
  3454 | D:5      | Entered Level 5 of the Dungeon
  3535 | D:5      | Found a runed translucent gate.
  3536 | D:5      | Found a runed translucent gate.
  3537 | D:5      | Found an opulent altar of Gozag.
  3537 | D:5      | Found a runed translucent gate.
  3546 | D:5      | Noticed Wkid's ghost (weakling SpDe)
  3685 | D:5      | Found the +2 ratskin cloak {*Rats rPois rN+ Str-1 Int-1
                  | Dex+1}
  3713 | D:5      | Found an iron altar of Okawaru.
  3848 | D:5      | Found a runed translucent door.
  3849 | D:5      | Noticed Crazy Yiuf
  3856 | D:5      | Killed Crazy Yiuf
  4186 | D:4      | Found a staircase to the Ecumenical Temple.
  4194 | Temple   | Entered the Ecumenical Temple
  4216 | Temple   | Became a worshipper of Vehumet
  4353 | D:5      | Found a broken altar of Ashenzari.
  4353 | D:5      | Found a basalt altar of Yredelemnul.
  4353 | D:5      | Found a bloodstained altar of Trog.
  4436 | D:6      | Shot with an arrow by a centaur

Illustrated notes

Levels and vault maps discovered:
D:1:      minmay_arrival_solitary_statue, layout_loops_ring, st_stairs_11
D:2:      layout_loops_ring, basic_altar, hellmonk_ecumenical_altar_prayer_group
D:3:      layout_loops_ring, ebering_ghost_inner_flame, serial_shops,
          nicolae_shop_crystal
D:4:      layout_basic, fedhas_altar_4, minmay_temple_entry_from_below_b,
          serial_shops, nicolae_shop_waterfront, uniq_sigmund, uniq_menkaure
D:5:      layout_layer_cave, kennysheep_okawaru_gauntlet,
          gammafunk_temple_overflow_claw, ebering_ghost_gozag,
          roderic_roman_lattice, due_unseen_surprise, uniq_crazy_yiuf_cottage
D:6:      layout_loops_cross, mainiacjoe_overflow_paths, serial_shops,
          nicolae_shop_bloodbath_and_beyond
Temple:   hellmonk_temple_two_chambers

Skill      XL: |  1  2  3  4  5  6  7 |
---------------+----------------------+-----
Conjurations   | 3 4 |  4.9
Fighting       | 1 2 |  2.6
Spellcasting   | 2 3 |  3.4
Staves         | 1 2 |  2.4
Dodging        | |  1.8
Stealth        | |  1.0

Action                   |  1- 3 |  4- 6 |  7- 9 || total
-------------------------+-------+-------+-------++-------
Melee: Dagger            |    37 |       |       ||    37
       Unarmed           |     2 |       |       ||     2
       Staff             |    96 |   122 |    19 ||   237
       Punch             |       |     1 |       ||     1
 Cast: Magic Dart        |    30 |    40 |     9 ||    79
       Searing Ray       |     3 |    14 |     9 ||    26
  Use: Scroll            |     4 |     7 |       ||    11
       Potion            |       |       |     2 ||     2
 Stab: Sleeping          |       |     1 |       ||     1
Armor: Robe              |    46 |    43 |    36 ||   125
Dodge: Dodged            |    85 |    73 |    41 ||   199
